 Dungeon Crawl Stone Soup version 0.22-a0-799-g88f5e90 (webtiles) character file.

5404 Amnesiac the Geomancer (level 10, -2/63 HPs)
             Began as a Mummy Earth Elementalist on July 21, 2018.
             Was a Priest of Vehumet.
             Slain by a wyvern (3 damage)
             ... on level 8 of the Dungeon.
             The game lasted 00:13:24 (8475 turns).

Amnesiac the Geomancer (Mummy Earth Elementalist)   Turns: 8475, Time: 00:13:25

Health: -2/63      AC:  5    Str: 12    XL:     10   Next: 40%
Magic:  4/24       EV: 11    Int: 24    God:    Vehumet [***...]
Gold:   398        SH:  0    Dex: 13    Spells: 15/30 levels left

rFire    x . .     SeeInvis .   u - +10 shortbow of Qunurph {speed, *Corrode rElec Int+3 Stlth+}
rCold    + + .     Gourm    .   (shield currently unavailable)
rNeg     + + +     Faith    .   g - +2 leather armour {rC+}
rPois    ∞         Spirit   .   (no helmet)
rElec    +         Reflect  .   (no cloak)
rCorr    .         Harm     +   (no gloves)
MR       ++...                  (no boots)
Stlth    +++.......             p - amulet of harm
HPRegen  0.20/turn              n - +4 ring of intelligence
MPRegen  0.19/turn              s - ring of protection from magic

@: no status effects
A: no food or potions, fire vulnerability, cold resistance 1, negative energy
resistance 3, torment resistance, unbreathing
a: Renounce Religion


You were on level 8 of the Dungeon.
You worshipped Vehumet.
Vehumet was most pleased with you.
You were not hungry.

You visited 2 branches of the dungeon, and saw 9 of its levels.
You also visited: Sewer.

You collected 534 gold pieces.
You spent 136 gold pieces at shops.

Inventory:

Hand Weapons
 d - a +2 dagger of venom
 q - a +1 dagger of speed
 u - the +10 shortbow of Qunurph (weapon) {speed, *Corrode rElec Int+3 Stlth+}
   (You found it on level 7 of the Dungeon)

   Attacks with this weapon are significantly faster.
   It affects your intelligence (+3).
   It insulates you from electricity.
   It may corrode you when you take damage.
   It makes you more stealthy.
 w - the +7 great mace of the Ass {crush, *Contam +Blink MR+, unknown}
   (You took it off a two-headed ogre on level 7 of the Dungeon)

   It inflicts extra damage upon your enemies.
   It affects your resistance to hostile enchantments.
   It lets you blink.
   It causes magical contamination when unequipped.
Missiles
 b - 36 stones
 v - 96 arrows (quivered)
Armour
 g - a +2 leather armour of cold resistance (worn)
 x - a scarf of spirit shield
Jewellery
 n - a +4 ring of intelligence (left hand)
 p - an amulet of harm (around neck)
 s - a ring of protection from magic (right hand)
 t - an uncursed ring of flight
Wands
 a - a wand of polymorph (17)
 e - a wand of scattershot (5)
 h - a wand of random effects (30)
 y - a wand of paralysis (7)
Scrolls
 c - a scroll of amnesia {!r}
 f - a scroll of remove curse {!r}
 i - 2 scrolls of magic mapping {!r}
 j - 2 scrolls of teleportation {!r}
 k - 5 scrolls of identify {!r}
 l - 2 scrolls of fog {!r}
 m - a scroll of fear {!r}
 o - 2 scrolls of enchant weapon {!r}
 r - a scroll of blinking {!r}


   Skills:
 - Level 1.5 Dodging
 - Level 1.5 Stealth
 + Level 10.9 Spellcasting
 - Level 0.7 Transmutations
 * Level 10.9 Earth Magic


You had 15 spell levels left.
You knew the following spells:

 Your Spells              Type           Power        Failure   Level  Hunger
a - Stone Arrow           Conj/Erth      #####.       1%          3    N/A
b - Passwall              Tmut/Erth      #####...     1%          2    N/A
c - Sandblast             Erth           ######       1%          1    N/A
d - Lee's Rapid Deconstr  Erth           ######....   1%          5    N/A
e - Petrify               Tmut/Erth      #####...     5%          4    N/A

Your spell library contained the following spells:

 Spells                   Type           Power        Failure   Level  Hunger


Dungeon Overview and Level Annotations

Branches:
Dungeon (8/15)             Temple (1/1) D:5
   Lair: D:8-11

Altars:
Ashenzari
Cheibriados
Dithmenos
Elyvilon
Fedhas
Gozag
Hepliaklqana
Kikubaaqudgha
Makhleb
Nemelex Xobeh
Okawaru
Qazlal
Ru
Sif Muna
Trog
Uskayaw
Vehumet
Wu Jian
Xom
Yredelemnul
Zin
The Shining One

Shops:
D:4 ?


Innate Abilities, Weirdness & Mutations

You do not eat or drink.
Your flesh is vulnerable to fire.
You are immune to poison.
Your flesh is cold resistant. (rC+)
You are immune to negative energy. (rN+++)
You are immune to unholy pain and torment.
You can survive without breathing.


Message History

You shoot an arrow. The arrow closely misses the wyvern.
Firing (i - inventory. (/) - cycle)
v - 98 arrows (quivered)
Press: ? - help, Shift-Dir - straight line, f/p - wyvern
Aim: a wyvern You shoot an arrow.
The arrow barely misses the wyvern.
The wyvern barely misses you.
Firing (i - inventory. (/) - cycle)
v - 97 arrows (quivered)
Press: ? - help, Shift-Dir - straight line, f/p - wyvern
Aim: a wyvern You shoot an arrow.
The arrow hits the wyvern but does no damage.
The wyvern bites you.
Casting: Stone Arrow (safe; 1% risk of failure)
Confirm with . or Enter, or press ? or * to list all spells.
Aiming: Stone Arrow (safe; 1% risk of failure)
Press: ? - help, Shift-Dir - straight line, f/p - wyvern
Aim: a wyvern The stone arrow misses the wyvern.
The wyvern bites you! The wyvern misses you.
Casting: Stone Arrow (safe; 1% risk of failure)
Confirm with . or Enter, or press ? or * to list all spells.
Aiming: Stone Arrow (safe; 1% risk of failure)
Press: ? - help, Shift-Dir - straight line, f/p - wyvern
Aim: a wyvern The stone arrow hits the wyvern.
The wyvern is heavily wounded.
The wyvern bites you.
Casting: Stone Arrow (safe; 1% risk of failure)
Confirm with . or Enter, or press ? or * to list all spells.
Aiming: Stone Arrow (safe; 1% risk of failure)
Press: ? - help, Shift-Dir - straight line, f/p - wyvern
Aim: a wyvern (moderately wounded)
The stone arrow hits the wyvern.
The wyvern is severely wounded.
The wyvern bites you! The wyvern barely misses you.
Casting: Stone Arrow (safe; 1% risk of failure)
Confirm with . or Enter, or press ? or * to list all spells.
Aiming: Stone Arrow (safe; 1% risk of failure)
Press: ? - help, Shift-Dir - straight line, f/p - wyvern
Aim: a wyvern (severely wounded)
The stone arrow misses the wyvern.
The wyvern bites you!
* * * LOW HITPOINT WARNING * * *
Casting: Stone Arrow (safe; 1% risk of failure)
Confirm with . or Enter, or press ? or * to list all spells.
Aiming: Stone Arrow (safe; 1% risk of failure)
Press: ? - help, Shift-Dir - straight line, f/p - wyvern
Aim: a wyvern (severely wounded)
The stone arrow misses the wyvern.
The wyvern barely misses you. x2
Casting: Stone Arrow (safe; 1% risk of failure)
Confirm with . or Enter, or press ? or * to list all spells.
Aiming: Stone Arrow (safe; 1% risk of failure)
Press: ? - help, Shift-Dir - straight line, f/p - wyvern
Aim: a wyvern (severely wounded)
The stone arrow misses the wyvern.
The wyvern bites you!
* * * LOW HITPOINT WARNING * * *
Unknown command.
Casting: Stone Arrow (safe; 1% risk of failure)
Confirm with . or Enter, or press ? or * to list all spells.
Aiming: Stone Arrow (safe; 1% risk of failure)
Press: ? - help, Shift-Dir - straight line, f/p - wyvern
Aim: a wyvern (severely wounded)
The stone arrow hits the wyvern.
The wyvern is almost dead.
The wyvern misses you. The wyvern bites you.
You die...

.......##.###.#
####.((.........#
................#
#######............#
...................#####
.........#####..........
...................###
........l########..#
........@..# #..#
.....#####.# #..# .....
#.# #..# ....
#.######..###### ...
##......#........ ...
#'..........##### #
##......#.#.# #. ..# #
#......#.#.# #.#...
#.#.#. #......#.#.#


You could see a wyvern.

Vanquished Creatures
  2 two-headed ogres
  The ghost of Patate the Ruffian, a novice TrFi of Trog (D:7)
  A hippogriff (D:8)
  Sigmund (D:4)
  Duvessa (D:7)
  An ice beast (D:7)
  6 ogres
  A phantom (D:7)
  3 centaurs
  5 big kobolds (Sewer)
  5 bullfrogs
  Dowan (D:7)
  A water moccasin zombie (D:7)
  9 killer bees (D:7)
  3 howler monkeys
  3 crimson imps (D:6)
  A jelly (D:6)
  A centaur skeleton (D:6)
  2 hounds
  A gnoll shaman (D:4)
  Jessica (D:2)
  Terence (D:3)
  2 iguanas
  3 orc wizards
  7 worker ants
  A hound zombie (D:7)
  5 gnolls (D:4)
  12 adders
  A river rat (Sewer)
  2 shadow imps
  3 oozes
  An adder zombie (D:7)
  2 adder skeletons (D:4)
  7 worms
  8 leopard geckos
  18 orcs
  7 bats
  7 giant cockroaches
  7 goblins
  8 hobgoblins
  5 jackals
  15 kobolds
  A quokka (D:6)
  5 ball pythons
  8 frilled lizards
  10 rats
196 creatures vanquished.

Notes
Turn   | Place    | Note
-------+----------+-------------------------------------------
     0 | D:1      | Amnesiac the Mummy Earth Elementalist began the quest for the Orb.
     0 | D:1      | Reached XP level 1. HP: 13/13 MP: 4/4
   290 | D:3      | Noticed an orc wizard
   312 | D:3      | Reached XP level 2. HP: 19/19 MP: 3/6
   427 | D:3      | Reached XP level 3. HP: 23/24 MP: 1/7
   489 | D:2      | Noticed Jessica
   490 | D:2      | Killed Jessica
   490 | D:2      | Reached XP level 4. HP: 30/30 MP: 6/9
   506 | D:2      | Learned a level 2 spell: Passwall
   510 | D:2      | Learned a level 3 spell: Stone Arrow
   515 | D:2      | Learned a level 4 spell: Petrify
   999 | D:3      | Found a hide-covered altar of Uskayaw.
   999 | D:3      | Found a shimmering altar of Xom.
  1000 | D:3      | Found a basalt altar of Yredelemnul.
  1184 | D:3      | Noticed Terence
  1192 | D:3      | Killed Terence
  1370 | D:4      | Reached XP level 5. HP: 31/35 MP: 9/11
  2033 | D:4      | Reached XP level 6. HP: 38/41 MP: 13/13
  2074 | D:4      | Reached skill level 5 in Spellcasting
  2075 | D:4      | Reached skill level 5 in Earth Magic
  2083 | D:4      | Learned a level 5 spell: Lee's Rapid Deconstruction
  2286 | D:4      | Noticed Sigmund
  2291 | D:4      | Killed Sigmund
  2294 | D:4      | Reached XP level 7. HP: 38/46 MP: 7/15
  2344 | D:4      | Found Ymemefer's Magic Scroll Shop.
  2353 | D:4      | Bought a scroll of magic mapping for 45 gold pieces
  2353 | D:4      | Bought a scroll of teleportation for 39 gold pieces
  2353 | D:4      | Bought a scroll of identify for 26 gold pieces
  2353 | D:4      | Bought a scroll of fog for 26 gold pieces
  2531 | D:5      | Entered Level 5 of the Dungeon
  2531 | D:5      | Found a staircase to the Ecumenical Temple.
  2540 | Temple   | Entered the Ecumenical Temple
  2598 | Temple   | Became a worshipper of Vehumet
  2645 | D:5      | Found a glowing drain.
  2674 | Sewer    | Entered a sewer
  3124 | Sewer    | Reached XP level 8. HP: 37/52 MP: 18/18
  3306 | Sewer    | Reached * piety under Vehumet
  3306 | Sewer    | Offered knowledge of Freeze by Vehumet.
  4297 | D:2      | Found a snail-covered altar of Cheibriados.
  5153 | D:5      | Offered knowledge of Throw Flame by Vehumet.
  5251 | D:5      | Reached ** piety under Vehumet
  5651 | D:6      | Found a bloodstained altar of Trog.
  6244 | D:6      | HP: 2/52 [centaur (4)]
  6246 | D:6      | Reached XP level 9. HP: 1/57 MP: 21/21
  6878 | D:7      | Found a transporter.
  6885 | D:7      | Noticed Patate's ghost (novice TrFi)
  6886 | D:7      | Noticed a two-headed ogre
  6914 | D:7      | Offered knowledge of Static Discharge by Vehumet.
  6938 | D:7      | Noticed Duvessa
  6941 | D:7      | Killed Duvessa
  7074 | D:7      | Noticed Dowan
  7080 | D:7      | Killed Dowan
  7080 | D:7      | Reached *** piety under Vehumet
  7173 | D:7      | Got a steaming shortbow
  7174 | D:7      | Identified the +10 shortbow of Qunurph {speed, *Corrode rElec Int+3 Stlth+} (You found it on level 7 of the Dungeon)
  7733 | D:7      | Found a transporter.
  7748 | D:7      | Killed a two-headed ogre
  7748 | D:7      | Reached skill level 10 in Spellcasting
  7748 | D:7      | Reached skill level 10 in Earth Magic
  8008 | D:7      | Got a faintly glowing great mace {crush}
  8029 | D:7      | Reached XP level 10. HP: 63/63 MP: 24/24
  8110 | D:7      | Killed Patate's ghost
  8395 | D:8      | Noticed a two-headed ogre
  8402 | D:8      | Killed a two-headed ogre
  8474 | D:8      | HP: 1/63 [wyvern (16)]
  8475 | D:8      | Slain by a wyvern

Vault maps used:
D:1:      dpeg_arrival_arbitrary_a
D:2:      cheibriados_altar_1, uniq_jessica
D:3:      gammafunk_temple_overflow_claw, minmay_misc_feat_secret_circle,
          uniq_terence
D:4:      serial_shops, shop, kennysheep_dice, uniq_sigmund
D:5:      minmay_temple_entry_junction_2, first_ration, portal_sewer_entry_f
D:6:      hangedman_decor_push, bloody_trog
D:7:      gammafunk_ghost_smash, uniq_duvessa
D:8:      uniq_erica
Temple:   regret_index_temple_mists
Sewer:    sewer_co_tree

Skill      XL: |  1  2  3  4  5  6  7  8  9 |
---------------+----------------------------+-----
Spellcasting   | 3 4 5 6 8 10 | 10.9
Earth Magic    | 3 4 5 6 8 10 | 10.9
Dodging        | |  1.5
Stealth        | |  1.5
Transmutations | |  0.7

Action                   |  1- 3 |  4- 6 |  7- 9 | 10-12 || total
-------------------------+-------+-------+-------+-------++-------
Melee: Dagger            |    31 |   109 |   373 |       ||   513
 Fire: Shortbow          |       |       |    14 |    42 ||    56
 Cast: Sandblast         |     9 |    48 |    40 |       ||    97
       Lee's Rapid Decon |       |       |    13 |       ||    13
       Passwall          |       |       |     2 |       ||     2
       Stone Arrow       |       |       |       |    10 ||    10
Evoke: Wand              |       |       |     1 |       ||     1
  Use: Scroll            |       |     4 |     2 |       ||     6
 Stab: Sleeping          |       |       |     2 |       ||     2
Armor: Robe              |     2 |    23 |       |       ||    25
       Leather armour    |       |       |   104 |     1 ||   105
Dodge: Dodged            |    17 |    73 |   213 |     9 ||   312

Table legend:
 A = Spawn XP
 B = Non-spawn XP
 C = Spawn XP percentage of total XP
 D = Spawn monster count
 E = Non-spawn monster count
 F = Spawn count percentage of total count
 G = Total turns spent on level
                    A         B        C        D         E        F      G
               +---------+---------+-------+---------+---------+-------+---------
         Total |       0 |    7721 |   0.0 |       0 |     196 |   0.0 |  8475
               +---------+---------+-------+---------+---------+-------+---------
           D:1 |       0 |      45 |   0.0 |       0 |      27 |   0.0 |   782
           D:2 |       0 |      48 |   0.0 |       0 |       8 |   0.0 |   722
           D:3 |       0 |     199 |   0.0 |       0 |      40 |   0.0 |  1777
           D:4 |       0 |     643 |   0.0 |       0 |      23 |   0.0 |  1059
           D:5 |       0 |     571 |   0.0 |       0 |      21 |   0.0 |   882
           D:6 |       0 |     739 |   0.0 |       0 |      15 |   0.0 |  1077
           D:7 |       0 |    3526 |   0.0 |       0 |      29 |   0.0 |  1180
           D:8 |       0 |    1334 |   0.0 |       0 |       5 |   0.0 |   238
         Sewer |       0 |     616 |   0.0 |       0 |      28 |   0.0 |   676
               +---------+---------+-------+---------+---------+-------+---------
